 Dungeon Crawl Stone Soup version 0.18-a0-1160-geb89fc2 (webtiles) character file.

2338 kae the Martial Artist (level 9, 0/68 HPs)
             Began as a Demonspawn Monk on Jan 24, 2016.
             Was a Believer of Qazlal.
             Shot with a sling bullet by Joseph (2 damage)
             ... on level 7 of the Dungeon.
             The game lasted 00:12:08 (6826 turns).

kae the Martial Artist (Demonspawn Monk)            Turns: 6826, Time: 00:12:09

Health: 0/68       AC:  7    Str: 12    XL:     9   Next: 19%
Magic:  9/9        EV: 13    Int: 12    God:    Qazlal [**....]
Gold:   281        SH:  3    Dex: 18    Spells: 0 memorised, 8 levels left

rFire  . . .     SeeInvis .       - Unarmed
rCold  + . .     Gourm    .     a - +1 robe
rNeg   . . .     Faith    +     (no shield)
rPois  .         Spirit   .     (helmet restricted)
rElec  .         Dismiss  .     (no cloak)
rCorr  +         Reflect  .     (no gloves)
SustAt .         Harm     .     n - +0 pair of boots
MR     .....                    p - amulet of faith
Stlth  ++........               (no ring)
                                l - ring of resist corrosion

@: not resistant to hostile enchantments, unstealthy
A: horns 2, slimy green scales 2, cold resistance 1, powered by pain 1
a: Upheaval, Renounce Religion


You were on level 7 of the Dungeon.
You worshipped Qazlal.
Qazlal was pleased with you.
You were not hungry.

You visited 2 branches of the dungeon, and saw 8 of its levels.

You collected 281 gold pieces.

Inventory:

Armour
 a - a +1 robe (worn)
 n - a +0 pair of boots (worn)
Jewellery
 l - a ring of resist corrosion (left hand)
 p - an amulet of faith (around neck)
Wands
 e - a wand of random effects (20/48)
 m - a wand of digging (16/24)
 v - a wand of teleportation (7/9)
Scrolls
 h - a scroll of immolation
 j - 4 scrolls of identify
 r - a scroll of fear
 s - a scroll of blinking
Potions
 c - 3 potions of brilliance
 g - 5 potions of curing
 i - 4 potions of flight
 k - a potion of cancellation
 q - a potion of heal wounds
 u - a potion of haste {unknown}
 w - 2 potions of lignification
Comestibles
 b - 6 bread rations
 d - 5 meat rations
 f - a royal jelly
 o - 2 fruits


   Skills:
 - Level 5.2 Fighting
 - Level 2.6 Dodging
 - Level 1.7 Stealth
 + Level 11.1 Unarmed Combat


You had 8 spell levels left.
You didn't know any spells.

Dungeon Overview and Level Annotations

Branches:
Dungeon (7/15)             Temple (1/1) D:6

Altars:
Cheibriados
Dithmenos
Elyvilon
Gozag
Kikubaaqudgha
Nemelex Xobeh
Okawaru
Pakellas
Qazlal
Ru
Sif Muna
Trog
Vehumet
Yredelemnul
Zin
The Shining One

Annotations:
D:7 Joseph


Innate Abilities, Weirdness & Mutations

You have a pair of horns on your head.
You are mostly covered in slimy green scales (AC +3).
Your flesh is cold resistant.
You sometimes gain a little power by taking damage.


Message History

Unknown command.
You hit the centaur but do no damage. You headbutt the centaur!
You punch the centaur, but do no damage.
The centaur is heavily wounded.
The freed slave closely misses Joseph.
The centaur hits you.
* * * LOW HITPOINT WARNING * * *
Unknown command.
You hit the centaur but do no damage.
The centaur is heavily wounded.
The centaur hits you but does no damage.
The freed slave hits Joseph but does no damage.
The freed slave hits Joseph!
The phantom misses the freed slave.
Unknown command.
You punch the centaur!
You kill the centaur!
Qazlal accepts your kill.
Joseph shoots a sling bullet.
The sling bullet hits you!
* * * LOW HITPOINT WARNING * * *
The sling bullet freezes you.
You die...

###.#.# ..
....#.#y.##.#
...##...#.# ..#.#
#.#..#.#.# #.#.#
....#.#.#.#...# #
#..#.#.#.##.?#
#..#<.......##..#
.......##p####..####
##.#...)Wp@)@......#
#.####p####..##.#
#.#...).....>...#
#.#.##.####..#..#
#.#.##.......#..#
#.#....####..# .#
#.####.# #..#..# #.#
#.# #..#..# #.# #.#
#..#..#


You could see Joseph, a phantom and 3 neutral freed slaves.

Vanquished Creatures
  Pikel (D:7)
  Eustachio (D:5)
  A hippogriff (D:7)
  3 centaurs
  3 ogres
  A giant frog (D:7)
  A big kobold (D:5)
  3 killer bees (D:7)
  5 crimson imps
  A quasit (D:6)
  An iron imp (D:6)
  A jelly (D:5)
  4 hounds
  3 orc wizards
  2 centaur skeletons (D:5)
  A giant frog skeleton (D:4)
  Jessica (D:3)
  Ijyb (D:3)
  An iguana (D:5)
  3 worker ants
  Natasha (D:2)
  6 adders
  2 oozes
  An adder skeleton (D:5)
  3 worms (D:2)
  3 giant geckos
  12 orcs
  A ball python (D:3)
  A giant cockroach (D:5)
  16 goblins
  11 hobgoblins
  4 jackals (D:2)
  17 kobolds
  2 quokkas
  6 bats
  A giant gecko skeleton (D:4)
  4 giant newts
  A jackal zombie (D:5)
  12 rats
142 creatures vanquished.

Vanquished Creatures (others)
  A giant cockroach (D:2)
1 creature vanquished.

Grand Total: 143 creatures vanquished

Notes
Turn   | Place    | Note
--------------------------------------------------------------
     0 | D:1      | kae the Demonspawn Monk began the quest for the Orb.
     0 | D:1      | Reached XP level 1. HP: 18/18 MP: 1/1
   461 | D:1      | Gained mutation: Your flesh is cold resistant. [demonic ancestry]
   461 | D:1      | Reached XP level 2. HP: 21/24 MP: 2/2
   874 | D:1      | Reached skill level 4 in Fighting
  1102 | D:2      | Gained mutation: You have a pair of small horns on your head. [demonic ancestry]
  1102 | D:2      | Reached XP level 3. HP: 30/30 MP: 3/3
  1566 | D:2      | Noticed a moth of wrath
  1569 | D:2      | Found a bloodstained altar of Trog.
  1648 | D:2      | HP: 1/31 [worm (12)]
  2098 | D:2      | Gained mutation: You are partially covered in slimy green scales (AC +2). [demonic ancestry]
  2098 | D:2      | Reached XP level 4. HP: 30/38 MP: 4/4
  2193 | D:2      | Found a sparkling altar of Nemelex Xobeh.
  2228 | D:2      | Noticed Natasha
  2247 | D:2      | Killed Natasha
  2247 | D:2      | Reached skill level 5 in Fighting
  2454 | D:3      | Noticed an ogre
  2809 | D:3      | Gained mutation: You have a pair of horns on your head. [demonic ancestry]
  2809 | D:3      | Reached XP level 5. HP: 36/44 MP: 5/5
  2925 | D:3      | Noticed Ijyb
  2944 | D:3      | Killed Ijyb
  3059 | D:3      | Reached skill level 5 in Unarmed Combat
  3105 | D:3      | Killed an ogre
  3105 | D:3      | Gained mutation: You are mostly covered in slimy green scales (AC +3). [demonic ancestry]
  3105 | D:3      | Reached XP level 6. HP: 51/51 MP: 6/6
  3389 | D:3      | Noticed Jessica
  3396 | D:3      | Killed Jessica
  3764 | D:4      | Reached skill level 6 in Unarmed Combat
  3909 | D:4      | Gained mutation: You sometimes gain a little power by taking damage. [demonic ancestry]
  3909 | D:4      | Reached XP level 7. HP: 53/56 MP: 7/7
  4111 | D:4      | Found a sacrificial altar of Ru.
  4287 | D:5      | Entered Level 5 of the Dungeon
  4292 | D:5      | Reached skill level 7 in Unarmed Combat
  4325 | D:5      | Found a glowing silver altar of Zin.
  4456 | D:5      | Noticed Eustachio
  4541 | D:5      | Killed Eustachio
  4552 | D:5      | Reached skill level 8 in Unarmed Combat
  4602 | D:5      | Reached XP level 8. HP: 31/62 MP: 8/8
  5259 | D:5      | Reached skill level 9 in Unarmed Combat
  5622 | D:6      | Found a staircase to the Ecumenical Temple.
  5627 | D:6      | Found a snail-covered altar of Cheibriados.
  5649 | Temple   | Entered the Ecumenical Temple
  5708 | Temple   | Became a worshipper of Qazlal Stormbringer
  5708 | Temple   | Reached * piety under Qazlal
  5708 | Temple   | Reached ** piety under Qazlal
  6351 | D:7      | Reached skill level 10 in Unarmed Combat
  6792 | D:7      | Noticed Pikel
  6804 | D:7      | Noticed Joseph
  6817 | D:7      | Killed Pikel
  6817 | D:7      | Reached skill level 11 in Unarmed Combat
  6817 | D:7      | Reached XP level 9. HP: 30/68 MP: 9/9
  6826 | D:7      | HP: 2/68 [Joseph/sling bullet (17)]
  6826 | D:7      | Shot with a sling bullet by Joseph

Vault maps used:
D:1:      minmay_arrival_four_houses
D:2:      nemelex_altar_shiori, tgw_trog, first_bread, lemuel_another_geyser,
          uniq_natasha
D:3:      hangedman_abyss_or_decor_stabs, uniq_jessica, uniq_iyjb
D:4:      st_stairs_10, minivault_25, nicolae_ru_path_of_blood
D:5:      nicolae_overflow_crystal_walls, uniq_eustachio
D:6:      slow_altar_1, minmay_temple_entry_junction
D:7:      uniq_pikel, uniq_prince_ribbit1, uniq_joseph
Temple:   triangle_lava_temple_11

Action                   |  1- 3 |  4- 6 |  7- 9 || total
-------------------------+-------+-------+-------++-------
Melee: Unarmed           |   155 |   149 |   207 ||   511
Evoke: Wand              |       |     4 |       ||     4
  Use: Scroll            |       |     8 |     9 ||    17
       Potion            |       |       |     1 ||     1
 Stab: Sleeping          |     4 |     3 |       ||     7
       Distracted        |       |     2 |     1 ||     3
       Paralysed         |       |     8 |       ||     8
  Eat: Chunk             |     3 |     6 |     8 ||    17
       Beef jerky        |       |       |     1 ||     1
